 Dungeon Crawl Stone Soup version 0.30-a0-591-g3c58d2bc28 (webtiles) character file.

Game seed: 8937629046483872810

79 cforsyth the Digger (level 4, -2/24 HPs)
             Began as a Gargoyle Earth Elementalist on Jan 5, 2023.
             Killed from afar by Sigmund (5 damage)
             ... with a puff of flame
             ... on level 3 of the Dungeon.
             The game lasted 00:02:23 (1373 turns).

cforsyth the Digger (Gargoyle Earth Elementalist)   Turns: 1373, Time: 00:02:23

Health: -2/24      AC:  5    Str: 12    XL:     4   Next: 37%
Magic:  8/8        EV: 11    Int: 17    God:
Gold:   125        SH:  0    Dex: 10    Spells: 8/9 levels left

rFire   . . .      SeeInvis .    (no weapon)
rCold   . . .      Faith    .    (no shield)
rNeg    + . .      Spirit   .    a - +0 robe
rPois   ∞          Reflect  .    (no helmet)
rElec   +          Harm     .    (no cloak)
rCorr   .          Rampage  .    (no gloves)
Will    .....                    (no boots)
Stlth   ++                       h - amulet of magic regeneration
HPRegen 0.24/turn                (no ring)
MPRegen 0.51/turn                (no ring)

@: no status effects
A: sickness immunity, AC +3, negative energy resistance 1, electricity
resistance, torment resistance 1, petrification resistance
a: no special abilities


You were on level 3 of the Dungeon.
You visited 1 branch of the dungeon, and saw 3 of its levels.

You collected 125 gold pieces.

Inventory:

Armour
 a - a +0 robe (worn)
Jewellery
 h - an amulet of magic regeneration (around neck)
 o - a ring of willpower
Wands
 q - a wand of flame (20)
Scrolls
 c - 2 scrolls of identify {unknown}
 e - 3 scrolls of enchant weapon {unknown}
 f - 2 scrolls of teleportation {unknown}
 j - a scroll of poison {unknown}
 k - a scroll of noise {unknown}
 l - a scroll of vulnerability {unknown}
 p - a scroll of magic mapping {unknown}
Potions
 b - a potion of magic
 d - a potion of degeneration {unknown}
 g - a potion of brilliance {unknown}
 i - 3 potions of curing {unknown}
 m - a potion of resistance {unknown}
 n - 4 potions of heal wounds {unknown}


   Skills:
 - Level 1.5 Dodging
 - Level 2.1 Stealth
 + Level 3.2 Spellcasting
 - Level 0.7 Transmutations
 + Level 5.0 Earth Magic


You had 8 spell levels left.
You knew the following spells:

 Your Spells              Type           Power      Damage    Failure   Level
a - Sandblast             Erth           38%        2d10      2%          1

Your spell library contained the following spells:

 Spells                   Type           Power      Damage    Failure   Level
 Passwall                 Tmut/Erth      10%        N/A       8%          2
 Stone Arrow              Conj/Erth      22%        3d8       19%         3
 Static Discharge         Conj/Air       4%         2-3/arc   26%         2
 Vhi's Electric Charge    Tloc/Air       4%         N/A       45%         3
 Petrify                  Tmut/Erth      12%        N/A       45%         4
 Arcjolt                  Conj/Air       1%         1d11      99%         5
 Lightning Bolt           Conj/Air       1%         1d12      99%         5


Dungeon Overview and Level Annotations

Branches:
Dungeon (3/15)

Altars:

Annotations:
D:3 Sigmund


Innate Abilities, Weirdness & Mutations

You are immune to sickness and miasma.
Your stone body is resilient. (AC +3)
You are immune to poison.
You resist negative energy. (rN+)
You are resistant to electric shocks. (rElec)
You are resistant to unholy torment.
You are immune to petrification.


Message History

You are too injured to fight recklessly!
Unknown command.
Casting: Sandblast (safe; 2% risk of failure)
Confirm with . or Enter, or press ? or * to list all spells.
Aiming: Sandblast (safe; 2% risk of failure)
Press: ? - help, Shift-Dir - straight line, f - Sigmund
Aim: Sigmund, wielding a +0 scythe and wearing a +0 robe (lightly wounded, fast, 80% to hit)
The blast of sand hits Sigmund.
Sigmund is moderately wounded.
Sigmund hits you from afar with a +0 scythe.
* * * LOW HITPOINT WARNING * * *
Unknown command.
Casting: Sandblast (safe; 2% risk of failure)
Confirm with . or Enter, or press ? or * to list all spells.
Aiming: Sandblast (safe; 2% risk of failure)
Press: ? - help, Shift-Dir - straight line, f/p - Sigmund
Aim: Sigmund, wielding a +0 scythe and wearing a +0 robe (moderately wounded, fast, 80% to hit)
The blast of sand hits Sigmund.
Sigmund is moderately wounded.
Sigmund casts a spell at you. You resist with some effort.
Sigmund hits you but does no damage.
An orc comes into view. It is wielding a +0 hand axe.
Casting: Sandblast (safe; 2% risk of failure)
Confirm with . or Enter, or press ? or * to list all spells.
Aiming: Sandblast (safe; 2% risk of failure)
Press: ? - help, Shift-Dir - straight line, f/p - Sigmund
Aim: Sigmund, wielding a +0 scythe and wearing a +0 robe (moderately wounded, fast, 80% to hit)
The blast of sand hits Sigmund!
Sigmund is severely wounded.
The orc shouts!
Sigmund hits you but does no damage.
An orc comes into view. It is wielding a +0 war axe.
Sigmund says, "Look into my eyes."
Sigmund points at you and mumbles some strange words.
The puff of flame hits you.
* * * LOW HITPOINT WARNING * * *
Unknown command.
Sigmund points at you and mumbles some strange words.
The puff of flame hits you.
You die...

#.......#########.....
##.#####............#
###>..................#
.....................#
.####...##...#########'####
.........##...# #....... .
##........# ###....... .
##.#.###..## #.+....... ..
#.#..@...@.).####.#.......
...#.##..#.##................
......#...o....##.##.###....#
..........##..###...........#
.....#.......###.##..##....#
#.##.#.#..#.###.........####
. .....# # ##.#.####....
.#....# .. #)####.###
#.#...#. ## #......####


You could see Sigmund (fast).

Vanquished Creatures
  4 adders (D:2)
  A dart slug (D:1)
  An orc (D:3)
  2 endoplasms (D:2)
  A giant cockroach (D:2)
  5 goblins
  3 hobgoblins
  2 jackals (D:1)
  3 kobolds
  2 quokkas
  2 ball pythons
  8 bats
  A frilled lizard (D:2)
  4 rats
39 creatures vanquished.

Notes
Turn   | Place    | Note
-------+----------+-------------------------------------------
     0 | D:1      | cforsyth the Gargoyle Earth Elementalist began the quest
                  | for the Orb.
     0 | D:1      | Reached XP level 1. HP: 10/10 MP: 3/3
   204 | D:1      | Reached skill level 4 in Earth Magic
   204 | D:1      | Reached XP level 2. HP: 15/15 MP: 3/5
   697 | D:2      | Reached XP level 3. HP: 19/19 MP: 5/7
   988 | D:2      | Reached XP level 4. HP: 24/24 MP: 8/8
  1135 | D:2      | Reached skill level 5 in Earth Magic
  1363 | D:3      | Noticed Sigmund
  1373 | D:3      | Killed from afar by Sigmund

Illustrated notes

Levels and vault maps discovered:
D:1:      lightli_arrival_windingriver, layout_rooms, serial_bayou,
          serial_bayou_pond_d, serial_bayou_pond_a, serial_bayou_ford_a,
          serial_bayou_pond_c
D:2:      layout_loops_cross
D:3:      layout_basic, yredelemnul_forgotten_temple_becter, zin_angel,
          serial_shops, shop, uniq_sigmund

Skill      XL: |  1  2  3  4 |
---------------+-------------+-----
Earth Magic    | 4 5 |  5.0
Spellcasting   | 3 |  3.2
Dodging        | |  1.5
Stealth        | |  2.1
Transmutations | |  0.7

Action                   |  1- 3 |  4- 6 || total
-------------------------+-------+-------++-------
Melee: Unarmed           |     3 |       ||     3
 Cast: Sandblast         |    35 |    17 ||    52
Armor: Robe              |     4 |     3 ||     7
Dodge: Dodged            |    13 |     1 ||    14

Table legend: (Time is in decaauts)
 A = Elapsed time spent in this place.
 B = Non-inter-level travel time spent in this place.
 C = Inter-level travel time spent in this place.
 D = Time resting spent in this place.
 E = Time spent auto-exploring this place.
 F = Levels seen in this place.
 G = Mean time per level.
                   A        B        C        D        E       F      G
               +--------+--------+--------+--------+--------+-----+--------+
         Total |   1413 |   1378 |     35 |      6 |   1166 |   3 |  471.0 |
       Dungeon |   1413 |   1378 |     35 |      6 |   1166 |   3 |  471.0 |
               +--------+--------+--------+--------+--------+-----+--------+

Top non-repeatable levels by time:
     D:1: 715 daAuts
     D:2: 631 daAuts
     D:3: 65 daAuts
